 Dungeon Crawl Stone Soup version 0.27.1-3-gb3d3a73c9e (webtiles) character file.

Game seed: 4799946116864743991

207 DearestLeader the Bolt Thrower (level 5, -2/38 (41) HPs)
             Began as a Gnoll Wanderer on Oct 7, 2021.
             Slain by a gnoll (3 damage)
             ... on level 7 of the Dungeon.
             The game lasted 00:05:53 (2974 turns).

DearestLeader the Bolt Thrower (Gnoll Wanderer)     Turns: 2974, Time: 00:05:54

HP:   -2/38 (41)    AC:  4    Str: 14    XL:     5   Next: 85%
MP:   7/7           EV: 13    Int: 11    God:
Gold: 33            SH:  0    Dex: 10    Spells: 7/7 levels left

rFire    + . .     SeeInvis .   e - +2 dagger (drain)
rCold    + . .     Faith    .   (no shield)
rNeg     . . .     Spirit   .   m - +2 robe {rC+ rF+}
rPois    .         Reflect  .   (no helmet)
rElec    .         Harm     .   (no cloak)
rCorr    .         Rampage  .   (no gloves)
Will     .....                  (no boots)
Stlth    ++........             (no amulet)
HPRegen  0.12/turn              (no ring)
MPRegen  0.10/turn              (no ring)

@: drained
A: fangs 1, strong nose, distributed training
a: no special abilities


You were on level 7 of the Dungeon.
You visited 1 branch of the dungeon, and saw 5 of its levels.

You collected 123 gold pieces.
You spent 90 gold pieces at shops.

Inventory:

Hand Weapons
 a - a +2 hand crossbow
 e - a +2 dagger of draining (weapon)
 t - a +0 dagger of speed
Missiles
 b - 30 bolts
 v - 11 sling bullets
Armour
 m - a +2 robe of resistance (worn)
Magical Staves
 u - a staff of death
Wands
 l - a wand of polymorph (7)
Scrolls
 d - 2 scrolls of teleportation
 h - a scroll of blinking
 i - a scroll of enchant weapon {unknown}
 n - a scroll of immolation {unknown}
 o - a scroll of holy word
 p - a scroll of amnesia {unknown}
 q - a scroll of fog {unknown}
Potions
 c - a potion of resistance {unknown}
 g - 2 potions of lignification
 j - 3 potions of invisibility
 k - 2 potions of magic
 r - a potion of haste {unknown}
 s - 2 potions of degeneration


   Skills:
 + Level 3.1 Fighting
 + Level 3.1 Short Blades
 + Level 1.6 Long Blades
 + Level 1.6 Axes
 + Level 1.6 Maces & Flails
 + Level 1.6 Polearms
 + Level 1.6 Staves
 + Level 1.6 Slings
 + Level 1.6 Bows
 + Level 6.7 Crossbows
 + Level 1.6 Throwing
 + Level 3.1 Armour
 + Level 4.8 Dodging
 + Level 4.5 Stealth
 + Level 1.6 Shields
 + Level 1.6 Unarmed Combat
 + Level 1.6 Spellcasting
 + Level 1.3 Conjurations
 + Level 1.3 Hexes
 + Level 1.3 Summonings
 + Level 1.3 Necromancy
 + Level 1.3 Translocations
 + Level 1.3 Transmutations
 + Level 1.3 Fire Magic
 + Level 1.3 Ice Magic
 + Level 1.3 Air Magic
 + Level 1.3 Earth Magic
 + Level 1.3 Poison Magic
 + Level 1.9 Invocations
 + Level 1.6 Evocations


You had 7 spell levels left.
You didn't know any spells.
Your spell library contained the following spells:

 Spells                   Type           Power      Damage    Failure   Level
 Static Discharge         Conj/Air       3%         N/A       26%         2
 Lightning Bolt           Conj/Air       1%         1d12      99%         5
 Maxwell's Capacitive Co  Air            1%         ∞         100%        8


Dungeon Overview and Level Annotations

Branches:
Dungeon (4/15)
 Temple: D:4-7

Altars:
Nemelex Xobeh
Ru

Shops:
D:2 ?*(


Innate Abilities, Weirdness & Mutations

You have very sharp teeth.
Your uncanny sense of smell can sniff out nearby items.
Your experience applies equally to all skills.


Message History

3 gnolls come into view.
A gnoll is wielding a +2 whip of electrocution.
The gnoll shouts! x3; The gnoll shaman shouts!
The gnoll moves out of view.
You hear an angry growl.
You hit the gnoll. You drain the gnoll.
The gnoll is heavily wounded.
Unknown command.
The orc closely misses you. The gnoll closely misses you.
The gnoll hits you with a +0 club.
You closely miss the gnoll.
The gnoll is heavily wounded.
You hit the gnoll but do no damage. You drain the gnoll.
The gnoll is almost dead.
The gnoll hits you with a +0 club.
The gnoll shouts!
You hit the gnoll but do no damage. You drain the gnoll.
You kill the gnoll!
You hit the orc.
The orc is moderately wounded.
A gnoll comes into view.
It is wielding a +1 spear of distortion.
The orc hits you but does no damage. The gnoll misses you.
The gnoll misses you.
You hit the gnoll but do no damage. You drain the gnoll.
The gnoll is moderately wounded.
The gnoll hits you with a +1 spear of distortion.
Space warps horribly around you!
You hit the gnoll. You drain the gnoll.
The gnoll is severely wounded.
The gnoll hits you with a +1 spear of distortion.
Space warps horribly around you!
* * * LOW HITPOINT WARNING * * *
The orc closely misses you.
You barely miss the gnoll.
The gnoll is severely wounded.
The gnoll hits you with a +1 spear of distortion.
* * * LOW HITPOINT WARNING * * *
Space bends around you.
You die...

......o####.#.######+##.#
# ...####o......# #)#
.### #.o..#### #g# .
......... #.# .
.....g...# #g#
#.....g...# #o#
........g.# #.#
...........#########.###
#............g@oogg.g...#
......########.#.# .....
..#.# .... ..# . ### ...#
## .... ...## ∆


You could see a gnoll shaman, 3 gnolls and 2 orcs.

Vanquished Creatures
  A scorpion (D:3)
  Jessica (D:2)
  A gnoll (D:7)
  3 adders (D:2)
  A shadow imp (D:3)
  2 worms
  A dart slug (D:1)
  9 orcs (D:3)
  6 bats
  7 endoplasms
  2 giant cockroaches (D:2)
  3 hobgoblins
  2 jackals (D:2)
  2 quokkas
  A ball python (D:1)
  3 frilled lizards
  2 goblins (D:1)
  8 kobolds
  6 rats
61 creatures vanquished.

Notes
Turn   | Place    | Note
-------+----------+-------------------------------------------
     0 | D:1      | DearestLeader the Gnoll Wanderer began the quest for the
                  | Orb.
     0 | D:1      | DearestLeader set off with the following items: a +2 hand
                  | crossbow, 22 bolts, a +0 spear, a scroll of teleportation,
                  | a +0 robe, a +0 dagger
     0 | D:1      | Reached XP level 1. HP: 17/17 MP: 1/1
   230 | D:1      | Reached XP level 2. HP: 19/23 MP: 2/2
  1489 | D:2      | Reached XP level 3. HP: 28/28 MP: 3/3
  1544 | D:2      | Noticed Jessica
  1556 | D:2      | Killed Jessica
  1557 | D:2      | Reached skill level 1 in Long Blades
  1557 | D:2      | Reached skill level 1 in Axes
  1557 | D:2      | Reached skill level 1 in Maces & Flails
  1557 | D:2      | Reached skill level 1 in Polearms
  1557 | D:2      | Reached skill level 1 in Staves
  1557 | D:2      | Reached skill level 1 in Slings
  1557 | D:2      | Reached skill level 1 in Bows
  1557 | D:2      | Reached skill level 1 in Throwing
  1557 | D:2      | Reached skill level 1 in Shields
  1557 | D:2      | Reached skill level 1 in Unarmed Combat
  1557 | D:2      | Reached skill level 1 in Spellcasting
  1557 | D:2      | Reached skill level 1 in Invocations
  1557 | D:2      | Reached skill level 1 in Evocations
  1557 | D:2      | Reached XP level 4. HP: 27/34 MP: 5/5
  1616 | D:2      | Found Moseor's Assorted Antiques.
  1720 | D:2      | Bought a scroll labelled IFUOST HOEMU for 22 gold pieces
  1720 | D:2      | Bought a scroll labelled ILUULEMM CIAK for 22 gold pieces
  1720 | D:2      | Bought a scroll labelled YVIRYSU LUALO for 22 gold pieces
  1754 | D:2      | Found a faded altar of an unknown god.
  1830 | D:2      | Found Hiol's Weapon Emporium.
  1862 | D:2      | Found Cuyrr's Magic Scroll Boutique.
  1871 | D:2      | Reached skill level 1 in Conjurations
  1871 | D:2      | Reached skill level 1 in Hexes
  1871 | D:2      | Reached skill level 1 in Summonings
  1871 | D:2      | Reached skill level 1 in Necromancy
  1871 | D:2      | Reached skill level 1 in Translocations
  1871 | D:2      | Reached skill level 1 in Transmutations
  1871 | D:2      | Reached skill level 1 in Fire Magic
  1871 | D:2      | Reached skill level 1 in Ice Magic
  1871 | D:2      | Reached skill level 1 in Air Magic
  1871 | D:2      | Reached skill level 1 in Earth Magic
  1871 | D:2      | Reached skill level 1 in Poison Magic
  1991 | D:2      | Bought a scroll of identify for 24 gold pieces
  2224 | D:3      | Noticed a scorpion
  2226 | D:3      | Killed a scorpion
  2227 | D:3      | Reached XP level 5. HP: 41/41 MP: 5/7
  2251 | D:3      | Found a sacrificial altar of Ru.
  2677 | D:3      | Found a sparkling altar of Nemelex Xobeh.
  2891 | D:4      | You fall into a shaft and drop 3 floors!
  2974 | D:7      | HP: 1/38 [gnoll (3)]
  2974 | D:7      | Slain by a gnoll

Illustrated notes

Levels and vault maps discovered:
D:1:      nzn_arrival_settlement, layout_basic
D:2:      layout_rooms, basic_ecumenical_altar, serial_shops,
          nicolae_shop_window_shopping, shop, shop, uniq_jessica
D:3:      layout_basic, nemelex_diamond_rough_becter,
          mainiacjoe_overflow_cross_hatched, serial_rivers,
          chequers_serial_rivers_marsh, chequers_serial_rivers_large_a,
          chequers_serial_rivers_micro_a, chequers_serial_rivers_micro_a,
          chequers_serial_rivers_large_b, chequers_serial_rivers_small_3
D:4:      layout_loops_ring, fedhas_ov_isle_minmay, old_standard_altar,
          kennysheep_mini, lemuel_round_altar
D:7:      layout_basic, minmay_temple_entry_sparse_star,
          hangedman_decor_riveting

Skill      XL: |  1  2  3  4 |
---------------+-------------+-----
Long Blades    | 1 |  1.6
Axes           | 1 |  1.6
Maces & Flails | 1 |  1.6
Polearms       | 1 |  1.6
Staves         | 1 |  1.6
Slings         | 1 |  1.6
Bows           | 1 |  1.6
Throwing       | 1 |  1.6
Shields        | 1 |  1.6
Unarmed Combat | 1 |  1.6
Spellcasting   | 1 |  1.6
Invocations    | 1 |  1.9
Evocations     | 1 |  1.6
Conjurations   | 1 |  1.3
Hexes          | 1 |  1.3
Summonings     | 1 |  1.3
Necromancy     | 1 |  1.3
Translocations | 1 |  1.3
Transmutations | 1 |  1.3
Fire Magic     | 1 |  1.3
Ice Magic      | 1 |  1.3
Air Magic      | 1 |  1.3
Earth Magic    | 1 |  1.3
Poison Magic   | 1 |  1.3
Fighting       | 3 |  3.1
Short Blades   | 3 |  3.1
Armour         | 3 |  3.1
Crossbows      | |  6.7
Dodging        | |  4.8
Stealth        | |  4.5

Action                   |  1- 3 |  4- 6 || total
-------------------------+-------+-------++-------
Melee: Dagger            |    61 |    66 ||   127
       Bite              |     2 |     6 ||     8
 Fire: Hand crossbow     |    24 |    61 ||    85
  Use: Scroll            |       |     6 ||     6
 Stab: Sleeping          |     7 |       ||     7
       Distracted        |       |     1 ||     1
Armor: Robe              |    17 |    17 ||    34
Dodge: Dodged            |    42 |    36 ||    78
